AoeStats
← Nitro

Nomad

503187591Analyzed
3v3 RM · 1mo ago on Aug 30, 2026· 73m 3s· 6 players
Game mode
Random Map
Map size
210×210
Population
200
Speed
Normal
Resources
Standard
Victory
Conquest
Starting age
Dark Age
Ending age
Imperial Age
RankedLock teamsTeams togetherTeam positionsShared explorationLock speedFull tech treeHidden civsTurbo modeCheats
Victory
Defeat
🇺🇸 Bohemians · United States
977
+18
🇿🇦 Huns · South Africa
966
+18
🇪🇸 Japanese · Spain
961
+18
🇫🇷 Sicilians · France
1044
-19
🇫🇷 Gurjaras · France
1014
-18
🇫🇷 Celts · France
986
-17
deshoman
15:56 Feudal Age
22:47 Castle Age
22:06 Double-Bit Axe
Fran
11:12 Loom
17:13 Feudal Age
18:22 Double-Bit Axe
19:10 Town Watch
20:00 Wheelbarrow
19:55 Gold Mining
21:20 Scale Mail Armor
21:30 Forging
21:12 Fishing Lines
23:58 Man-at-Arms
24:24 Arson
25:16 Padded Archer Armor
27:28 Castle Age
27:29 Long Swordsman
27:55 Gambesons
28:32 Chain Mail Armor
28:19 Town Patrol
28:33 Bow Saw
29:11 Gillnets
31:50 Iron Casting
34:54 Hand Cart
41:41 Coinage
41:49 Treadmill Crane
47:06 Fortified Wall
47:53 Stone Mining
48:34 Murder Holes
51:23 Gold Shaft Mining
55:35 Imperial Age
53:28 Ballistics
55:37 Two-Handed Swordsman
56:50 Plate Mail Armor
57:22 Blast Furnace
57:05 Parthian Tactics
56:28 Champion
56:35 Capped Ram
60:48 Chemistry
60:58 Conscription
62:39 Banking
62:33 Fervor
65:36 Elite Samurai
66:49 Spies/Treason
69:14 Fletching
69:11 Arrowslits
72:03 Scale Barding Armor
72:14 Leather Archer Armor
72:22 Shipwright
72:08 Siege Engineers
72:14 Masonry
72:02 Bodkin Arrow
72:47 Caravan
73:39 Chain Barding Armor
73:20 Atonement
73:46 Illumination
HHH2323
3:52 Loom
14:46 Feudal Age
16:27 Man-at-Arms
17:34 Arson
42:46 Castle Age
41:18 Bloodlines
52:48 Scale Barding Armor
54:05 Horse Collar
54:15 Double-Bit Axe
56:59 Heavy Plow
60:48 Wheelbarrow
59:58 Town Watch
64:42 Imperial Age
64:56 Elite Tarkan
67:12 Atheism
67:51 Spies/Treason
PasVeron
15:33 Feudal Age
20:09 Forging
20:02 Arson
21:27 Scale Mail Armor
22:32 Stone Mining
23:11 Gold Mining
25:25 Horse Collar
28:25 Wheelbarrow
30:15 Castle Age
39:56 Double-Bit Axe
55:42 Castle Age
61:31 Iron Casting
Citron perdu
4:30 Loom
15:29 Feudal Age
20:03 Castle Age
18:31 Fishing Lines
23:38 Fervor
25:29 Sanctity
27:11 Horse Collar
27:19 Double-Bit Axe
28:46 Wheelbarrow
34:21 Forging
40:25 Iron Casting
47:17 Scale Mail Armor
50:05 Kshatriyas
50:41 Crossbowman
52:13 Heavy Plow
54:12 Medium Warships
54:27 Bow Saw
55:13 Murder Holes
56:05 Elite Skirmisher
57:40 Ballistics
60:08 Imperial Age
59:08 Chain Mail Armor
61:27 Plate Mail Armor
62:10 Chemistry
62:41 Fletching
63:29 Bodkin Arrow
Nitro
5:48 Loom
17:19 Feudal Age
31:57 Castle Age
35:02 Stronghold
35:46 Fletching
44:47 Ballistics
44:39 Bodkin Arrow
44:45 Padded Archer Armor
51:49 Wheelbarrow
53:45 Double-Bit Axe
53:47 Horse Collar
55:54 Hand Cart
62:06 Imperial Age
62:18 Heavy Scorpion
64:11 Chemistry
Connection lost

Rejoining the realm…

Still unreachable

The connection could not be restored.

Session expired

The server has moved on; the page needs a fresh start.